[Event "Titled Tuesday Blitz March 01 Late 2022"]
[White "Yedidia, Daniel"]
[Black "Gerbelli Neto, Eduardo"]
[WhiteFideId "30905907"]
[BlackFideId "2103281"]
[WhiteElo "2472"]
[BlackElo "2178"]
[Result "1-0"]
[Round "05"]
[TimeControl "180+1"]
[Date "2022.03.02"]
[WhiteClock "0:01:53"]
[BlackClock "0:01:07"]

1. d4 d5 2. c4 c6 3. Nf3 Nf6 4. Nc3 e6 5. e3 Nbd7 6. Bd3 dxc4 7. Bxc4 b5 8. Be2 a6 9. e4 c5 10. e5 cxd4 11. Qxd4 Bc5 12. Qh4 Nd5 13. Qxd8+ Kxd8 14. Nxd5 exd5 15. Bf4 h6 16. O-O Ke7 17. Rfd1 Bb7 18. Nd4 g6 19. h3 Nf8 20. Rac1 Rc8 21. Be3 Bxd4 22. Rxc8 Bxc8 23. Bxd4 Ne6 24. Bc3 Bb7 25. Bb4+ Kd7 26. Bf3 Nf4 27. Bd2 Nd3 28. Bc3 Nf4 29. e6+ 1-0


[Site "https://www.chess.com"]

[Event "Titled Tuesday Blitz March 01 Late 2022"]
[White "Yordanov, Nikolay Plamenov"]
[Black "Riehle, Marco"]
[WhiteFideId "2907445"]
[BlackFideId "12904392"]
[WhiteElo "2248"]
[BlackElo "2462"]
[Result "0-1"]
[Round "05"]
[TimeControl "180+1"]
[Date "2022.03.02"]
[WhiteClock "0:00:07"]
[BlackClock "0:01:24"]

1. d4 e6 2. Bf4 d5 3. e3 Nf6 4. Nf3 c5 5. c3 Bd6 6. Bg3 O-O 7. Nbd2 Nc6 8. Bd3 Re8 9. Ne5 Bxe5 10. dxe5 Nd7 11. Nf3 Qc7 12. O-O g6 13. Bb5 a6 14. Bxc6 Qxc6 15. h4 h5 16. Ng5 b5 17. Qf3 Rf8 18. e4 Bb7 19. exd5 Qxd5 20. Qxd5 Bxd5 21. f3 Rad8 22. Rfd1 Nb6 23. Bf2 Na4 24. Rd2 Bc6 25. Rad1 Rd5 26. Rxd5 Bxd5 27. Rd2 Bxa2 28. Ne4 Rc8 29. Nf6+ Kg7 30. Be3 Bd5 31. Kf2 a5 32. g4 hxg4 33. fxg4 b4 34. h5 gxh5 35. gxh5 bxc3 36. h6+ Kh8 37. bxc3 Nxc3 38. Ke1 Ne4 39. Rg2 Nxf6 40. Rg7 Nd7 41. Bg5 Rg8 42. Rxf7 Rxg5 43. Rxd7 Rxe5+ 44. Kf2 Rh5 45. Rc7 c4 46. Kg3 Rxh6 47. Kg4 Rg6+ 48. Kh5 Rg7 49. Rc5 Kh7 50. Rxa5 Rc7 51. Ra8 Bxa8 0-1


[Site "https://www.chess.com"]

[Event "Titled Tuesday Blitz March 01 Late 2022"]
[White "Yuan, Qingyu"]
[Black "Cupid, Kevin"]
[WhiteFideId "8609772"]
[BlackFideId "7700512"]
[WhiteElo "2359"]
[BlackElo "2096"]
[Result "1-0"]
[Round "05"]
[TimeControl "180+1"]
[Date "2022.03.01"]
[WhiteClock "0:01:32"]
[BlackClock "0:00:07"]

1. e4 c6 2. Nf3 d5 3. Nc3 dxe4 4. Nxe4 Nf6 5. Qe2 Nxe4 6. Qxe4 Nd7 7. d4 Nf6 8. Qf4 Nd5 9. Qd2 g6 10. c4 Nc7 11. h3 Bg7 12. Be2 O-O 13. O-O b5 14. Qc2 Bf5 15. Bd3 Bxd3 16. Qxd3 bxc4 17. Qxc4 Qd5 18. Qa4 Nb5 19. Be3 Rfd8 20. Rfd1 Rab8 21. Rac1 Rdc8 22. Rc5 Qe4 23. Ng5 Qd5 24. Rxd5 cxd5 25. Nf3 Rc4 26. Qb3 Rb6 27. Qd3 Nd6 28. Ne5 Rc7 29. b3 Ne4 30. Rc1 Rxc1+ 31. Bxc1 e6 32. Qc2 1-0


[Site "https://www.chess.com"]

[Event "Titled Tuesday Blitz March 01 Late 2022"]
[White "Zhurbinsky, David"]
[Black "Maltsevskaya, Aleksandra"]
[WhiteFideId "2072904"]
[BlackFideId "24174041"]
[WhiteElo "2526"]
[BlackElo "2283"]
[Result "0-1"]
[Round "05"]
[TimeControl "180+1"]
[Date "2022.03.02"]
[WhiteClock "0:00:18"]
[BlackClock "0:00:56"]

1. e4 c5 2. Nf3 e6 3. c4 Nc6 4. d4 cxd4 5. Nxd4 Nf6 6. Nc3 Bb4 7. Nxc6 bxc6 8. Bd3 d5 9. cxd5 exd5 10. exd5 Nxd5 11. O-O O-O 12. Ne4 Bf5 13. a3 Be7 14. Ng3 Bg6 15. Bxg6 hxg6 16. Re1 Bf6 17. Qc2 Re8 18. Bd2 Qb6 19. Bc3 Bxc3 20. bxc3 Rxe1+ 21. Rxe1 Qc5 22. c4 Nb6 23. Ne4 Qxa3 24. Ng5 Qa5 25. Qc1 Nxc4 26. Nxf7 Qd2 27. Nh6+ Kh7 28. Nf7 a5 29. Ng5+ Kh8 30. Nf7+ Kg8 31. Nh6+ Kh7 32. Nf7 a4 33. Ng5+ Kh8 34. Rd1 Qxc1 35. Rxc1 a3 36. h4 a2 37. Ra1 Nd2 38. Ne4 Nxe4 39. f3 Nc3 40. Kf2 Rb8 41. Rxa2 Nxa2 42. h5 gxh5 43. Kg3 Rb4 44. f4 Nc3 45. Kh4 Rxf4+ 46. Kg5 Rg4+ 47. Kf5 Rxg2 48. Ke6 h4 49. Kf7 Ne4 50. Ke6 c5 51. Ke5 c4 52. Kd5 c3 53. Kd4 c2 54. Kd3 c1=Q 55. Kd4 Rd2+ 56. Ke5 Ng3 57. Ke6 Qe1+ 58. Kf7 Rf2+ 59. Kg6 Qe6+ 60. Kg5 Ne4+ 61. Kh5 Qf5+ 62. Kxh4 g5+ 63. Kh5 Nf6+ 64. Kh6 Ng8+ 65. Kh5 Rh2# 0-1


[Site "https://www.chess.com"]

[Event "Titled Tuesday Blitz March 01 Late 2022"]
[White "Zubritskiy, Artyom"]
[Black "Grigorov, Grigor"]
[WhiteFideId "4181247"]
[BlackFideId "2907313"]
[WhiteElo "2459"]
[BlackElo "2510"]
[Result "0-1"]
[Round "05"]
[TimeControl "180+1"]
[Date "2022.03.01"]
[WhiteClock "0:00:02"]
[BlackClock "0:00:54"]

1. d4 Nf6 2. c4 e6 3. g3 d5 4. Nf3 Be7 5. Bg2 O-O 6. O-O dxc4 7. Qc2 b5 8. a4 Bb7 9. axb5 a6 10. Nc3 axb5 11. Rxa8 Bxa8 12. Nxb5 Bd5 13. Rd1 Nc6 14. Nc3 Bxf3 15. exf3 Nxd4 16. Qa4 c5 17. Qxc4 Nd5 18. f4 Nb6 19. Qa6 Qb8 20. Be3 Nf5 21. Bc1 Rd8 22. Rxd8+ Qxd8 23. Qb7 h5 24. Bf3 g6 25. Kg2 Nd4 26. Bd1 Nc4 27. Ne4 Nd6 28. Nxd6 Qxd6 29. Be3 Nf5 30. Bf3 Kg7 31. Bc1 Bf6 0-1


[Site "https://www.chess.com"]

[Event "Titled Tuesday Blitz March 01 Late 2022"]
[White "Abdrlauf, Elham"]
[Black "Gareyev, Timur"]
[WhiteFideId "1533533"]
[BlackFideId "14200937"]
[WhiteElo "2334"]
[BlackElo "2586"]
[Result "0-1"]
[Round "06"]
[TimeControl "180+1"]
[Date "2022.03.01"]
[WhiteClock "0:00:02"]
[BlackClock "0:00:01"]

1. e4 c5 2. Nf3 Nc6 3. d4 cxd4 4. Nxd4 Nf6 5. Nc3 d6 6. Bc4 Qb6 7. Nb3 e6 8. Bf4 Ne5 9. Be2 a6 10. g4 Qc6 11. Nd4 Qb6 12. Nb3 h6 13. h4 Bd7 14. Rg1 Bc6 15. Be3 Qc7 16. Qd4 h5 17. g5 Nfg4 18. f4 Ng6 19. O-O-O e5 20. Qd2 Nxe3 21. Qxe3 Nxf4 22. Nd5 Bxd5 23. exd5 Rc8 24. Bd3 g6 25. Rgf1 Be7 26. Rxf4 exf4 27. Qxf4 O-O 28. Nd4 Rfe8 29. Rf1 Bf8 30. Nf5 Re5 31. Ng3 Rxd5 32. Qf3 Rc5 33. Qf2 d5 34. Nxh5 gxh5 35. Qf5 Bg7 36. Qh7+ Kf8 37. Bg6 Rxc2+ 38. Bxc2 Qe5 39. Qf5 Qxb2+ 40. Kd1 Qa1+ 41. Kd2 Qd4+ 42. Kc1 Rc7 43. g6 Qe3+ 44. Kd1 Bh6 45. g7+ Bxg7 46. Qd3 Qe5 47. Qf5 Qa1+ 48. Ke2 Re7+ 49. Kf2 Qc3 50. Kg2 Be5 51. Rf3 Qd2+ 52. Rf2 Qh6 53. Kf1 Bd4 54. Re2 Qc1+ 55. Bd1 Qxd1+ 0-1


[Site "https://www.chess.com"]

[Event "Titled Tuesday Blitz March 01 Late 2022"]
[White "Abdyzhapar, Asylbek"]
[Black "Golubev, Mikhail"]
[WhiteFideId "13800337"]
[BlackFideId "14100983"]
[WhiteElo "2331"]
[BlackElo "2374"]
[Result "0-1"]
[Round "06"]
[TimeControl "180+1"]
[Date "2022.03.01"]
[WhiteClock "0:00:40"]
[BlackClock "0:00:44"]

1. e4 c5 2. Nf3 d6 3. d4 Nf6 4. Nc3 cxd4 5. Nxd4 g6 6. Be3 Bg7 7. f3 Nc6 8. Qd2 O-O 9. O-O-O d5 10. exd5 Nxd5 11. Nxc6 bxc6 12. Bd4 Bxd4 13. Qxd4 Qb6 14. Na4 Qa5 15. a3 e5 16. Qh4 Rb8 17. Bd3 Nf4 18. Nc3 Nxd3+ 19. Rxd3 Bf5 20. Rd2 Rxb2 21. Kxb2 Rb8+ 22. Kc1 Qxc3 23. Kd1 Qa1+ 24. Ke2 Qxh1 25. Qg3 Qb1 26. Qxe5 Qb5+ 27. Qxb5 Rxb5 0-1


[Site "https://www.chess.com"]

[Event "Titled Tuesday Blitz March 01 Late 2022"]
[White "Alfaro, William"]
[Black "Dauner, Benedikt"]
[WhiteFideId "6100457"]
[BlackFideId "16225899"]
[WhiteElo "2066"]
[BlackElo "2230"]
[Result "0-1"]
[Round "06"]
[TimeControl "180+1"]
[Date "2022.03.02"]
[WhiteClock "0:00:15"]
[BlackClock "0:00:12"]

1. d4 Nf6 2. c4 g6 3. Nf3 Bg7 4. Bf4 O-O 5. e3 d6 6. h3 Na6 7. Be2 c6 8. O-O Nc7 9. Nc3 Rb8 10. Rc1 a6 11. a4 a5 12. Bh2 Na6 13. Nd2 Nb4 14. f3 Bh6 15. f4 Ra8 16. Kh1 Nd7 17. Bg1 Bg7 18. Nf3 e5 19. dxe5 dxe5 20. Qd6 exf4 21. exf4 Nf6 22. Rfd1 Qxd6 23. Rxd6 Be6 24. Ne5 Rfd8 25. Rcd1 Rxd6 26. Rxd6 Bf8 27. Rd1 Be7 28. Bb6 h5 29. b3 h4 30. Bf3 Bf5 31. Bf2 Ne8 32. Ne4 f6 33. Nd7 Rd8 34. Ndc5 Rxd1+ 35. Bxd1 b6 36. Bf3 bxc5 37. Nxc5 Nd3 38. Nxd3 Bxd3 39. Bxc6 Nd6 40. Bxh4 Nf5 41. Bf2 Bc2 42. Bd5+ Kf8 43. c5 Bd8 44. Be6 Ne7 45. Bd4 Nc6 46. Bc3 Nb4 47. Bc4 Be4 48. Kg1 Bc6 49. Kf2 Be7 50. Bd4 Nc2 51. Bc3 Bxc5+ 52. Ke2 Nb4 53. g4 f5 54. gxf5 gxf5 55. Be6 Be4 56. Bf6 Nc2 57. h4 Nd4+ 58. Bxd4 Bxd4 59. h5 Kg7 60. Bc4 Bc5 61. Kd2 Kh6 62. Bf7 Bb4+ 63. Ke3 Bc2 64. Kd4 Bd1 65. Ke5 Bg4 66. Bg6 Bc3+ 67. Ke6 Bd2 68. Bxf5 Bxf5+ 69. Kxf5 Kxh5 70. Ke5 Kg6 71. f5+ Kf7 72. Kd5 Kf6 73. Ke4 Bb4 74. Kf4 Bd6+ 75. Ke4 Be5 76. Kd5 Kxf5 77. Kc4 Bd6 78. Kb5 Bb4 79. Kc4 Ke4 80. Kb5 Kd3 81. Kc6 Kc2 82. Kb5 Kxb3 83. Ka6 Kxa4 84. Kb6 Kb3 85. Ka6 a4 86. Kb6 a3 87. Kb5 a2 88. Kb6 a1=Q 0-1


[Site "https://www.chess.com"]

[Event "Titled Tuesday Blitz March 01 Late 2022"]
[White "Antonio, Jorge Carlos"]
[Black "Gatterer, Florian"]
[WhiteFideId "113190"]
[BlackFideId "811688"]
[WhiteElo "2247"]
[BlackElo "2218"]
[Result "1-0"]
[Round "06"]
[TimeControl "180+1"]
[Date "2022.03.02"]
[WhiteClock "0:00:24"]
[BlackClock "0:00:02"]

1. e4 c5 2. f4 d5 3. e5 Nc6 4. Nf3 Nh6 5. c3 Bg4 6. h3 Bxf3 7. Qxf3 e6 8. g4 Be7 9. d3 Bh4+ 10. Kd1 Be7 11. Bg2 O-O 12. Nd2 f5 13. exf6 Bxf6 14. Qe2 e5 15. g5 exf4 16. Qe6+ Kh8 17. gxh6 d4 18. Bxc6 bxc6 19. c4 Re8 20. Qxc6 Re3 21. Kc2 Rb8 22. hxg7+ Bxg7 23. Ne4 f3 24. Bd2 Rc8 25. Qd5 Qe8 26. Nd6 Qg6 27. Ne4 Re8 28. Rhg1 Qa6 29. Rxg7 R3xe4 30. dxe4 d3+ 31. Kxd3 Kxg7 32. Rg1+ Kf8 33. Qf5+ Ke7 34. Rg7+ Kd6 35. Qf6+ Re6 36. Qd8+ Kc6 37. Qd5+ Kb6 38. Qxe6# 1-0


[Site "https://www.chess.com"]

[Event "Titled Tuesday Blitz March 01 Late 2022"]
[White "Antonova, Nadezhda"]
[Black "Chernomordik, Pavel"]
[WhiteFideId "14700182"]
[BlackFideId "2804530"]
[WhiteElo "1765"]
[BlackElo "2249"]
[Result "0-1"]
[Round "06"]
[TimeControl "180+1"]
[Date "2022.03.02"]
[WhiteClock "0:00:05"]
[BlackClock "0:00:08"]

1. Nf3 g6 2. d4 Bg7 3. b3 d6 4. Bb2 Nf6 5. g3 O-O 6. Bg2 Nbd7 7. O-O c5 8. c4 cxd4 9. Nxd4 a6 10. Nc3 Qc7 11. Rc1 Rb8 12. Qd2 Ne5 13. h3 b6 14. f4 Ned7 15. Nc6 Nc5 16. Nxb8 Qxb8 17. e4 Bb7 18. Rfe1 e6 19. Rcd1 Rd8 20. b4 Ncd7 21. Qxd6 Qa8 22. Qd2 Bf8 23. a3 Be7 24. e5 Nh5 25. Bxb7 Qxb7 26. Qg2 Qc8 27. Rd4 a5 28. Nb5 axb4 29. Nd6 Bxd6 30. exd6 bxa3 31. Bxa3 Nhf6 32. Kh2 Qa6 33. Qb2 Rc8 34. Red1 h5 35. Qb3 h4 36. gxh4 Qa8 37. Bb2 Nc5 38. Qa3 Qc6 39. R4d2 Nfe4 40. Rg2 Nd7 41. Qe3 f6 42. Qd4 Kf7 43. Re2 Ndc5 44. d7 Rd8 45. Qe3 Rxd7 46. Rxd7+ Qxd7 47. Bd4 Qa4 48. Bxc5 Nxc5 49. h5 gxh5 50. Qd4 Qc6 51. Rg2 Qf3 52. Qf2 Qe4 53. Qg3 Ke7 54. Qg7+ Kd6 55. Rd2+ Kc6 56. Qg2 f5 57. Qxe4+ Nxe4 58. Rd8 Kc5 59. Rc8+ Kd4 60. Kg2 Nd6 61. Rc6 Nxc4 62. Rxe6 b5 63. Kf3 b4 64. Re8 b3 65. Rb8 b2 66. Ke2 Kc3 67. Kd1 Ne3+ 68. Ke2 Nc2 69. Rc8+ Kb3 70. Rb8+ Nb4 0-1


[Site "https://www.chess.com"]

[Event "Titled Tuesday Blitz March 01 Late 2022"]
[White "Arabidze, Meri"]
[Black "Vusatiuk, Vladimir"]
[WhiteFideId "13604040"]
[BlackFideId "14118610"]
[WhiteElo "2329"]
[BlackElo "2157"]
[Result "0-1"]
[Round "06"]
[TimeControl "180+1"]
[Date "2022.03.02"]
[WhiteClock "0:00:02"]
[BlackClock "0:00:07"]

1. d4 Nf6 2. Nf3 e6 3. g3 b5 4. e3 a6 5. Bg2 Bb7 6. O-O c5 7. b3 Be7 8. Bb2 O-O 9. Nbd2 d5 10. dxc5 Bxc5 11. Ne5 Nc6 12. Nd3 Be7 13. e4 dxe4 14. Nxe4 Nxe4 15. Bxe4 Qc7 16. Qh5 f5 17. Bg2 e5 18. Bd5+ Kh8 19. Rfe1 Bd6 20. Nxe5 Nxe5 21. Bxb7 Qxb7 22. Bxe5 Bxe5 23. Rxe5 Qc7 24. Re2 Rad8 25. Rae1 f4 26. Qe5 Qc8 27. Qe6 Qc7 28. Qe7 Qc8 29. Qe6 Qc7 30. gxf4 Qxf4 31. Qe3 Qf5 32. f4 Rd6 33. Rg2 h6 34. Ree2 Qxf4 35. Qxf4 Rxf4 36. h3 Rd1+ 37. Kh2 Rd7 38. Re6 a5 39. Ra6 a4 40. Rb6 axb3 41. cxb3 b4 42. Rb8+ Kh7 43. Ra8 Rf3 44. Ra4 Rdd3 45. Rxb4 Rxh3+ 46. Kg1 Rd1+ 47. Kf2 Rd2+ 48. Kg1 Rd1+ 49. Kf2 Rc3 50. Re4 Rd2+ 51. Re2 Rd5 52. Rg3 Rf5+ 53. Kg2 Rc1 54. Rf2 Rxf2+ 55. Kxf2 Rc2+ 56. Ke3 Rxa2 57. Kd4 h5 58. b4 h4 59. Rg4 Rh2 60. b5 Kh6 61. b6 g5 62. Kc5 Rc2+ 63. Rc4 Rf2 64. b7 Rf8 65. Kb6 Rb8 66. Kc7 Rxb7+ 67. Kxb7 h3 68. Kc6 h2 69. Rc1 g4 70. Kd5 g3 71. Rh1 Kg5 72. Ke4 Kg4 73. Ke3 Kh3 74. Kf3 g2 0-1


[Site "https://www.chess.com"]

[Event "Titled Tuesday Blitz March 01 Late 2022"]
[White "Astasio Lopez, David"]
[Black "Harvey, Marcus R"]
[WhiteFideId "2230208"]
[BlackFideId "400092"]
[WhiteElo "2355"]
[BlackElo "2485"]
[Result "0-1"]
[Round "06"]
[TimeControl "180+1"]
[Date "2022.03.01"]
[WhiteClock "0:00:06"]
[BlackClock "0:00:34"]

1. d4 Nf6 2. Nf3 e6 3. Nbd2 d5 4. e3 c5 5. c3 Nc6 6. Bd3 Qc7 7. Qe2 e5 8. dxe5 Nxe5 9. Nxe5 Qxe5 10. e4 dxe4 11. Nxe4 Nxe4 12. Bxe4 Bd6 13. f4 Qe7 14. O-O O-O 15. f5 Re8 16. Qd3 Bxh2+ 17. Kxh2 Qh4+ 18. Kg1 Qxe4 19. Qxe4 Rxe4 20. f6 gxf6 21. Bh6 Be6 22. Rxf6 Rd8 23. Kf2 Rg4 24. g3 Rg6 25. Rxg6+ hxg6 26. Rh1 Rd5 27. Ke3 f6 28. Bf4 g5 29. Bb8 a6 30. Rf1 Kg7 31. a3 b5 32. Ba7 Re5+ 33. Kd2 Rd5+ 34. Ke3 f5 0-1


[Site "https://www.chess.com"]

[Event "Titled Tuesday Blitz March 01 Late 2022"]
[White "Atanejhad, Sahebali"]
[Black "Lopez Perdomo, Juan David"]
[WhiteFideId "12506664"]
[BlackFideId "4405137"]
[WhiteElo "1978"]
[BlackElo "1997"]
[Result "0-1"]
[Round "06"]
[TimeControl "180+1"]
[Date "2022.03.02"]
[WhiteClock "0:00:03"]
[BlackClock "0:00:09"]

1. e4 e6 2. b3 d5 3. e5 c5 4. Bb2 Nc6 5. Nf3 Nge7 6. Be2 Qc7 7. O-O Ng6 8. Nc3 Ngxe5 9. Nb5 Nxf3+ 10. Bxf3 Qd8 11. c4 d4 12. Bxc6+ bxc6 13. Na3 g6 14. d3 Bg7 15. Nc2 O-O 16. f4 e5 17. fxe5 Bxe5 18. Qf3 Qc7 19. h3 Be6 20. Rae1 Rae8 21. Ba3 Bd6 22. Bc1 Bf5 23. g4 Rxe1 24. Rxe1 Bd7 25. Bh6 Re8 26. Rf1 f5 27. Ne1 Bf8 28. Bf4 Qd8 29. Ng2 fxg4 30. hxg4 Bg7 31. Bd6 Be6 32. Bxc5 Qd7 33. g5 Bf5 34. Qf4 Be5 35. Qh4 Qc7 36. Bxd4 Bg3 37. Qh6 Be5 38. Bxe5 Qxe5 39. Qh4 Bxd3 40. Re1 Qc5+ 41. Qf2 Rxe1+ 42. Nxe1 Qxg5+ 43. Ng2 Qc1+ 44. Kh2 Qh6+ 45. Kg1 Qg7 46. Qc5 Qd7 47. Qe3 Bf5 48. Nf4 Qd1+ 49. Kf2 Qc2+ 50. Kg3 Qe4 51. Qd2 Kg7 52. Qc3+ Kh6 53. Qd2 Qc2 54. Qxc2 Bxc2 55. Ne6 Bb1 56. a3 Bd3 57. Nd4 Be4 58. Kf4 Bh1 59. b4 g5+ 60. Kf5 Kh5 61. Ne6 g4 62. Ng7+ Kh4 63. Kf4 h5 64. Nf5+ Kh3 65. Ng3 h4 66. Nf5 g3 67. Ke3 g2 68. Kf2 Kh2 69. Nd4 g1=Q+ 70. Ke2 Qxd4 0-1


[Site "https://www.chess.com"]

[Event "Titled Tuesday Blitz March 01 Late 2022"]
[White "Aukhatov, Roman"]
[Black "Kamsky, Gata"]
[WhiteFideId "44150768"]
[BlackFideId "2000024"]
[WhiteElo "2112"]
[BlackElo "2645"]
[Result "0-1"]
[Round "06"]
[TimeControl "180+1"]
[Date "2022.03.01"]
[WhiteClock "0:01:38"]
[BlackClock "0:01:44"]

1. Nf3 Nf6 2. c4 c6 3. d4 d5 4. g3 g6 5. Bg2 Bg7 6. b3 O-O 7. Bb2 a5 8. Nc3 Bf5 9. O-O Ne4 10. Rc1 Nxc3 11. Bxc3 Be4 12. Re1 e6 13. Bb2 Nd7 14. Ba3 Re8 15. Bd6 a4 16. cxd5 exd5 17. b4 Nb6 18. Be5 f6 19. Bf4 Nc4 20. Nd2 Nb2 21. Nxe4 Nxd1 22. Nd6 Nb2 23. Nxb7 Qb6 24. Nd6 Qxb4 25. Nxe8 Rxe8 26. e4 Nd3 27. Rb1 Qxe1+ 28. Rxe1 Nxe1 0-1


[Site "https://www.chess.com"]

[Event "Titled Tuesday Blitz March 01 Late 2022"]
[White "Babazada, Khazar"]
[Black "Sarana, Alexey"]
[WhiteFideId "13413554"]
[BlackFideId "24133795"]
[WhiteElo "2418"]
[BlackElo "2665"]
[Result "0-1"]
[Round "06"]
[TimeControl "180+1"]
[Date "2022.03.01"]
[WhiteClock "0:00:25"]
[BlackClock "0:00:53"]

1. Nf3 d5 2. g3 Nf6 3. Bg2 g6 4. O-O Bg7 5. b3 O-O 6. Bb2 Nbd7 7. d3 Re8 8. Nbd2 e5 9. e4 c6 10. a3 Qc7 11. b4 Nb6 12. Rc1 dxe4 13. dxe4 Nfd7 14. Qe2 Nf8 15. c4 c5 16. Ne1 Ne6 17. Nd3 Na4 18. Ba1 a5 19. f4 Nd4 20. Bxd4 exd4 21. b5 Nc3 22. Qf3 b6 23. Rce1 Bb7 24. f5 Bh6 25. Nf4 Re5 26. g4 Rae8 27. h4 Nxe4 28. Nxe4 Rxe4 29. Rxe4 Bxe4 30. Qg3 Bxf4 31. Qxf4 Qxf4 32. Rxf4 Bxg2 33. Kxg2 Re2+ 34. Kf1 Re3 35. fxg6 hxg6 36. Rf6 Re6 37. Rf4 Kg7 38. g5 f5 39. Kf2 Re3 40. h5 Rxa3 0-1


[Site "https://www.chess.com"]

[Event "Titled Tuesday Blitz March 01 Late 2022"]
[White "Beerdsen, Thomas"]
[Black "Kollars, Dmitrij"]
[WhiteFideId "1030108"]
[BlackFideId "12909572"]
[WhiteElo "2585"]
[BlackElo "2584"]
[Result "1-0"]
[Round "06"]
[TimeControl "180+1"]
[Date "2022.03.01"]
[WhiteClock "0:00:05"]
[BlackClock "0:00:02"]

1. e4 c5 2. Nf3 d6 3. d4 cxd4 4. Nxd4 Nf6 5. Nc3 Nc6 6. Nd5 Nxd5 7. exd5 Qa5+ 8. Bd2 Qxd5 9. Nb5 Qe6+ 10. Be2 Qd7 11. O-O a6 12. Nc3 e6 13. Na4 Qc7 14. Be3 Be7 15. Nb6 Rb8 16. c4 O-O 17. Rc1 Bd7 18. f4 Bf6 19. b3 Ne7 20. g4 g6 21. b4 Bg7 22. a4 Rbd8 23. Qb3 Nc6 24. Rfd1 Nd4 25. Rxd4 Qxb6 26. Rcd1 Bxd4 27. Bxd4 Qc7 28. Bf6 e5 29. Qe3 h6 30. fxe5 dxe5 31. c5 Kh7 32. Rd3 Bxg4 33. Bxd8 Rxd8 34. Rxd8 Qxd8 35. Bxg4 Qh4 36. Qe4 Qg5 37. Kf1 Kg7 38. Be2 Qc1+ 39. Kf2 Qc3 40. Qe3 Qxb4 41. Qxe5+ Kh7 42. Ke3 Qxa4 43. Qd5 Qa3+ 44. Bd3 Kg7 45. Qd4+ Kg8 46. Qd8+ Kg7 47. Qd4+ Kg8 48. h4 Qc1+ 49. Ke4 Qh1+ 50. Ke5 Qh2+ 51. Kd5 Qc7 52. Kc4 Qc6 53. Kc3 Qc7 54. h5 gxh5 55. Bc4 Qa5+ 56. Kb3 Qc7 57. Qd5 Qg3+ 58. Kb4 Qf2 59. Ka5 h4 60. Kb6 h3 61. Kxb7 h2 62. c6 Qb2+ 63. Ka8 Qf6 64. c7 Qe6 65. Qxe6 h1=Q+ 66. Qd5 Qh3 67. Qxf7+ Kh8 68. Qg8# 1-0


[Site "https://www.chess.com"]

[Event "Titled Tuesday Blitz March 01 Late 2022"]
[White "Bibasa, Bob"]
[Black "Kanyamarala, Trisha"]
[WhiteFideId "10000240"]
[BlackFideId "45004722"]
[WhiteElo "2056"]
[BlackElo "2002"]
[Result "1-0"]
[Round "06"]
[TimeControl "180+1"]
[Date "2022.03.02"]
[WhiteClock "0:01:34"]
[BlackClock "0:01:20"]

1. e4 c5 2. Nf3 d6 3. d4 cxd4 4. Nxd4 Nf6 5. f3 Nc6 6. c4 g6 7. Be3 Bg7 8. Nc3 a6 9. Be2 O-O 10. O-O Bd7 11. Qd2 Rc8 12. Rac1 Re8 13. b3 Qa5 14. Rfd1 Nxd4 15. Bxd4 Bc6 16. Qb2 b5 17. cxb5 axb5 18. b4 Qa6 19. a4 Qb7 20. Bxb5 Bxb5 21. Nxb5 Bh6 22. Rxc8 Rxc8 23. Nxd6 exd6 24. Bxf6 Qb6+ 25. Bd4 Be3+ 26. Kh1 Bxd4 27. Rxd4 Rc1+ 28. Qxc1 Qxd4 29. Qb1 h5 30. b5 Qb6 31. a5 Qxa5 32. b6 Qa8 33. b7 Qb8 34. h4 Kh7 35. Qb3 Qd8 36. Qxf7+ Kh6 37. Qf4+ Kh7 38. e5 d5 39. e6 Qa5 40. b8=Q 1-0


[Site "https://www.chess.com"]

[Event "Titled Tuesday Blitz March 01 Late 2022"]
[White "Brunner, Nicolas"]
[Black "Novikova, Galina"]
[WhiteFideId "620246"]
[BlackFideId "4157095"]
[WhiteElo "2372"]
[BlackElo "1863"]
[Result "1/2-1/2"]
[Round "06"]
[TimeControl "180+1"]
[Date "2022.03.02"]
[WhiteClock "0:00:56"]
[BlackClock "0:01:43"]

1. d4 e6 2. Nf3 f5 3. g3 Nf6 4. Bg2 Be7 5. O-O d6 6. b3 O-O 7. Bb2 Nc6 8. Nbd2 Ne4 9. Nxe4 fxe4 10. Nd2 e3 11. fxe3 Bg5 12. Kh1 Bxe3 13. Rxf8+ Qxf8 14. Nc4 Bh6 15. Qf1 Qe7 16. e4 Bd7 17. Qe2 Rf8 18. Bh3 e5 19. Bxd7 Qxd7 20. dxe5 Nxe5 21. Nxe5 dxe5 22. Bxe5 Qh3 23. Bxc7 Be3 24. Qxe3 Rf1+ 25. Rxf1 Qxf1+ 26. Qg1 Qf3+ 27. Qg2 Qd1+ 28. Qg1 Qf3+ 29. Qg2 Qd1+ 30. Qg1 Qf3+ 1/2-1/2


[Site "https://www.chess.com"]

[Event "Titled Tuesday Blitz March 01 Late 2022"]
[White "Bryakin, Mikhail"]
[Black "Bellissimo, Joseph F."]
[WhiteFideId "4165314"]
[BlackFideId "2609843"]
[WhiteElo "2421"]
[BlackElo "2061"]
[Result "0-1"]
[Round "06"]
[TimeControl "180+1"]
[Date "2022.03.01"]
[WhiteClock "0:00:14"]
[BlackClock "0:00:20"]

1. e4 e6 2. d4 d5 3. Bd3 Nf6 4. f3 c5 5. e5 Nfd7 6. c3 Nc6 7. Ne2 Qb6 8. Bc2 f6 9. f4 cxd4 10. cxd4 Bb4+ 11. Nbc3 O-O 12. Qd3 g6 13. h4 fxe5 14. fxe5 Ndxe5 15. dxe5 Nxe5 16. Qd4 Qd6 17. Bf4 Rxf4 18. Qxf4 Bd7 19. h5 Rf8 20. Qg5 d4 21. O-O-O Qc5 22. Nxd4 Nd3+ 23. Rxd3 Qxg5+ 24. Kb1 Qxg2 25. Rdd1 e5 26. Rdg1 Qxh1 27. Rxh1 exd4 28. Nd5 Bc6 29. Bb3 Bxd5 30. Bxd5+ Kg7 31. hxg6 hxg6 32. Bxb7 d3 33. Be4 d2 34. a3 Ba5 35. Rd1 Re8 36. Bf3 Re3 37. Bg4 Kf6 38. Kc2 Kg5 39. Bd7 Kf4 40. b4 Bb6 41. a4 Re4 42. Rxd2 Rxb4 43. Rg2 Rc4+ 44. Kb3 Rd4 45. Bc8 Rd6 46. Rg4+ Ke5 47. Rg2 Be3 48. Rg3 Bf4 49. Rg1 g5 50. Bg4 Be3 51. Rf1 Ke4 52. Bf5+ Ke5 53. Bc8 Rb6+ 54. Ka2 Rc6 55. Bg4 Rc3 56. Bd7 Kd6 57. Be8 Kc5 58. Rf5+ Kb4 59. Rb5+ Kc4 60. Rf5 Bf4 61. Bb5+ Kb4 62. Rd5 Bc1 63. Kb1 Ba3 64. Rxg5 Kb3 65. Rg1 Rc2 66. Rg3+ Rc3 67. Rg1 Re3 68. Bd7 Re2 69. Rg3+ Kb4 70. Bb5 Rb2+ 71. Ka1 Rf2 72. Kb1 Rd2 73. Rg4+ Ka5 74. Rh4 Bb4 75. Rh3 a6 76. Be8 Bc5 77. Bc6 Bd4 78. Kc1 Ra2 79. Kd1 Ra1+ 80. Ke2 Ra2+ 81. Kd1 Rb2 82. Be8 Kb4 83. Rd3 Kc5 84. Rf3 a5 85. Bb5 Kb4 86. Kc1 Bc3 87. Rf4+ Kb3 88. Bc4+ Ka3 89. Bb5 Bd2+ 90. Kd1 Bxf4 91. Bd7 Bd6 92. Bb5 Bb4 93. Kc1 Rh2 94. Kd1 Kb3 95. Kc1 Kc3 96. Kd1 Rh1+ 97. Ke2 Ra1 98. Ke3 Kb3 99. Kd3 Rxa4 100. Bxa4+ Kxa4 101. Kc2 Ka3 102. Kb1 Kb3 103. Ka1 a4 104. Kb1 a3 105. Ka1 Bc3+ 106. Kb1 a2+ 107. Kc1 a1=Q# 0-1


[Site "https://www.chess.com"]

[Event "Titled Tuesday Blitz March 01 Late 2022"]
[White "Cagara, Paulina"]
[Black "Romero Ruscalleda, Josep"]
[WhiteFideId "1124870"]
[BlackFideId "2231859"]
[WhiteElo "1828"]
[BlackElo "2310"]
[Result "0-1"]
[Round "06"]
[TimeControl "180+1"]
[Date "2022.03.02"]
[WhiteClock "0:00:19"]
[BlackClock "0:01:04"]

1. e4 g6 2. d4 Bg7 3. c4 d6 4. Nc3 Nc6 5. Be3 e5 6. Nge2 f5 7. d5 Nce7 8. f3 Nf6 9. h4 O-O 10. Qc2 fxe4 11. Nxe4 Nf5 12. Bg5 Qe8 13. Nxf6+ Bxf6 14. Bxf6 Rxf6 15. h5 Ne3 16. Qd3 Nxf1 17. Kxf1 Bf5 18. Qe3 e4 19. hxg6 Bxg6 20. f4 b5 21. c5 dxc5 22. Qxc5 e3 23. Rd1 Qe4 24. Qd4 Raf8 25. Qxe4 Bxe4 26. Rh5 Rg6 27. Rh2 Kh8 28. Kg1 Rfg8 29. g3 Bf3 30. Rd3 Bxe2 31. Rxe2 Rxg3+ 32. Kh1 Rh3+ 33. Rh2 e2 34. Rhxh3 e1=Q+ 35. Kh2 Qg1# 0-1


[Site "https://www.chess.com"]